 Dungeon Crawl Stone Soup version 0.32-a0-996-gb3226c233f (webtiles) character file.

Game seed: 8640398517846969622

25739 Ajdolov the Grappler (level 12, -2/111 HPs)
             Began as a Troll Hedge Wizard on Apr 22, 2024.
             Was a High Priest of the Shining One.
             Slain by Snorg (11 damage)
             ... on level 4 of the Lair of Beasts.
             The game lasted 00:20:58 (10754 turns).

Ajdolov the Grappler (Troll Hedge Wizard)          Turns: 10754, Time: 00:20:59

Health: -2/111     AC: 10    Str: 29    XL:     12   Next: 92%
Magic:  18/18      EV:  9    Int: 14    God:    the Shining One [*****.]
Gold:   807        SH:  0    Dex: 13    Spells: 14/15 levels left

rFire   . .          .
                       - Unarmed
rCold   . . .        (no shield)
rNeg    + + .        J - +4 robe of Augmentation {Str+4 Int+4 Dex+4}
rPois   +            c - +0 hat
rElec   .            q - +1 cloak
rCorr   .            (gloves unavailable)
SInv    .            (boots unavailable)
Will    +....        (no amulet)
Stlth   +            k - ring of poison resistance
HPRegen 1.18/turn    v - ring of willpower
MPRegen 0.16/turn

%: no passive effects
@: glowing
A: large, unfitting armour, claws 3, regeneration 1, shaggy fur 1, tough skin 1
a: Renounce Religion, Divine Shield, Cleansing Flame, Summon Divine Warrior


You were on level 4 of the Lair of Beasts.
You worshipped the Shining One.
The Shining One was extremely pleased with you.
You visited 2 branches of the dungeon, and saw 14 of its levels.

You collected 807 gold pieces.

Inventory:

Missiles
 b - 4 curare-tipped darts
 n - 3 throwing nets
 x - 9 large rocks (quivered)
 B - 25 poisoned darts
Armour
 c - a +0 hat (worn)
 q - a +1 cloak (worn)
 F - a +0 kite shield
 J - the +4 robe of Augmentation (worn) {Str+4 Int+4 Dex+4}
   (You found it on level 11 of the Dungeon)

   Str+4:     It affects your strength (+4).
   Int+4:     It affects your intelligence (+4).
   Dex+4:     It affects your dexterity (+4).
Jewellery
 k - a ring of poison resistance (left claw)
 v - a ring of willpower (right claw)
 H - a +6 ring of strength
 M - a ring of flight
Wands
 i - a wand of roots (8)
 r - a wand of mindburst (21)
 y - a wand of charming (9)
Scrolls
 e - 2 scrolls of noise
 g - 3 scrolls of immolation
 l - 11 scrolls of teleportation
 m - 4 scrolls of enchant armour
 s - 4 scrolls of enchant weapon
 t - a scroll of brand weapon
 w - a scroll of summoning
 C - 2 scrolls of poison
 D - a scroll of vulnerability
 G - 2 scrolls of revelation
 N - a scroll of fog {unknown}
Potions
 a - 2 potions of cancellation
 d - a potion of magic
 f - a potion of degeneration {unknown}
 h - 6 potions of curing
 j - 6 potions of lignification
 o - 4 potions of mutation {unknown}
 p - 3 potions of invisibility {unknown}
 u - 3 potions of heal wounds {unknown}
 z - 2 potions of might {unknown}
 A - a potion of haste {unknown}
 E - a potion of attraction {unknown}
 I - a potion of berserk rage {unknown}
 K - a potion of brilliance {unknown}
 L - a potion of ambrosia {unknown}
 O - a potion of resistance {unknown}


   Skills:
 - Level 5.0 Fighting
 - Level 10.0 Throwing
 - Level 1.5 Dodging
 - Level 2.3 Stealth
 + Level 9.6 Shields
 - Level 10.0 Unarmed Combat
 - Level 2.0 Spellcasting
 - Level 0.6 Conjurations
 - Level 0.6 Summonings
 - Level 0.6 Translocations
 - Level 10.0 Invocations


You had 14 spell levels left.
You knew the following spells:

 Your Spells              Type           Power      Damage    Failure   Level
a - Magic Dart            Conj           12%        1d3       19%         1

Your spell library contained the following spells:

 Spells                   Type           Power      Damage    Failure   Level
 Apportation              Tloc           6%         N/A       19%         1
 Summon Small Mammal      Summ           12%        N/A       19%         1
 Sting                    Conj/Alch      8%         1d3       22%         1
 Necrotise                Necr           4%         1d4       24%         1
 Slow                     Hex            4%         N/A       24%         1
 Blink                    Tloc           6%         N/A       28%         2
 Call Imp                 Summ           6%         N/A       28%         2
 Cigotuvi's Dreadful Rot  Necr/Alch/Air  2%         N/A       34%         2
 Mephitic Cloud           Conj/Alch/Air  1%         N/A       54%         3
 Cause Fear               Hex            0%         N/A       93%         4
 Ignite Poison            Fire/Alch      1%         N/A       93%         4
 Sticky Flame             Fire/Alch      1%         2d4       93%         4
 Fireball                 Conj/Fire      1%         3d3       99%         5
 Ignition                 Fire           0%         3d3       100%        8
 Dragon's Call            Summ           1%         N/A       100%        9


Dungeon Overview and Level Annotations

Branches:
Dungeon (11/15)            Temple (0/1) D:4            Lair (2/5) D:8
  Slime (0/5) Lair:4          Orc (0/2) D:10
  Swamp: Lair:2-3    Shoals: Lair:2-3     Snake: Lair:2-3    Spider: Lair:2-3

Altars:
Ashenzari
Dithmenos
Elyvilon
Fedhas
Gozag
Makhleb
Nemelex Xobeh
Okawaru
Sif Muna
Uskayaw
The Shining One

Shops:
D:1 (   D:10 (

Annotations:
D:4 exclusion: oklob plant
D:5 3 runed translucent doors, tish's ghost, amateur GnDe
D:6 2 transporters, P0WERM0DE's ghost, novice CoCK
D:7 1 runed translucent door, Sokar's ghost, novice HuGl
Lair:1 Fannar
Lair:4 Snorg


Innate Abilities, Weirdness & Mutations

You are too large for most types of armour.
You have claws for hands.
Your natural rate of healing is unusually fast.
You are covered in fur. (AC +1)
You have tough skin. (AC +1)


Message History

You claw Snorg!
Snorg is heavily wounded.
Snorg bites you! Snorg claws you. Snorg claws you!
Unknown command.
You mangle Snorg!!
Snorg is severely wounded.
Snorg bites you! Snorg barely misses you. Snorg closely misses you.
Unknown command.
You barely miss Snorg. You claw Snorg!
Snorg is almost dead.
Unknown command.
You claw Snorg!
Snorg is almost dead.
Snorg bites you. Snorg claws you but does no damage. x2
Unknown command.
You scratch Snorg.
Snorg is almost dead.
Snorg barely misses you. Snorg claws you but does no damage. Snorg claws you!
* * * LOW HITPOINT WARNING * * *
Unknown command.
You barely miss Snorg.
Snorg is almost dead.
Snorg bites you!
* * * LOW HITPOINT WARNING * * *
Snorg claws you.
* * * LOW HITPOINT WARNING * * *
Snorg claws you but does no damage.
You scratch Snorg.
Snorg is almost dead.
Snorg bites you.
* * * LOW HITPOINT WARNING * * *
Snorg claws you but does no damage. Snorg claws you.
* * * LOW HITPOINT WARNING * * *
Unknown command.
Okay, then.
Okay, then.
You feel better.
Snorg is no longer moving slowly.
Snorg bites you!
* * * LOW HITPOINT WARNING * * *
Snorg barely misses you. Snorg claws you!
You die...

,,,,,,,,,,,,,,,,,,,,,,,,,,,,,,,,,
,,,,,,,,,,,,,,,...,,,,,,,,,***,*,
,*,,***,,,,,,,*#..#.......##**,**
*,*,,***,,,,,,##.#.........#*,*,,
,**,,***,,,,,,,...##.......##,,,,
***,,,**,,..,,*...##........,,,*,
***,,**,,,...,,#..##.......**,,,*
,******,,,....,+.^##......#****,*
*** ***,,,....##@+#.......# #####
,,***,,,,.......#T.[......###.#P.
,,,,,,,,,........................
,,,,,,,,,..........(.............
,,,,,,,,,........................
,,,,,,,,,........................
,,,,***,,........................
,>,,* ***.................###+.##
,,,,*** *,................###.###


You could see Snorg (berserk, very poisoned).

Vanquished Creatures
  An entropy weaver (shapeshifter) (D:11)
  A hydra (Lair:2)
  2 two-headed ogres
  4 death yaks (Lair:2)
  A skyshark (Lair:2)
  Maurice (D:7)
  A manticore (D:9)
  A cyclops (D:11)
  Joseph (D:7)
  2 gargoyles
  4 elephants (Lair:2)
  Jeremiah (Lair:1)
  4 rime drakes
  3 komodo dragons
  2 cane toads
  2 unseen horrors
  A troll (D:9)
  A wyvern (D:7)
  49 yaks
  A basilisk (Lair:1)
  5 steam dragons
  2 acid dragons (D:9)
  8 water moccasins
  4 orc warriors
  2 sky beasts
  2 black bears
  4 ice beasts
  10 wolves
  An ogre (D:5)
  A centaur (D:9)
  A phantom (D:6)
  3 kobold brigands
  7 bullfrogs
  A gnoll sergeant (D:7)
  7 scorpions
  4 wights (D:9)
  An electric eel (D:10)
  5 howler monkeys
  2 bombardier beetles (D:5)
  8 jellies
  7 orc priests
  A gnoll bouda (D:7)
  3 hounds (D:5)
  Ijyb (D:3)
  An iguana (D:4)
  A sleepcap (D:4)
  10 orc wizards
  Robin (D:3)
  12 gnolls
  5 adders
  2 ufetubi (D:6)
  2 dart slugs
  23 orcs
  9 endoplasms
  4 giant cockroaches
  11 goblins
  6 hobgoblins
  2 jackals (D:5)
  3 quokkas
  6 ball pythons
  5 bats (D:1)
  2 frilled lizards
  24 kobolds
  10 rats
312 creatures vanquished.

Notes
Turn   | Place    | Note
-------+----------+-------------------------------------------
     0 | D:1      | Ajdolov the Troll Hedge Wizard began the quest for the Orb.
     0 | D:1      | Reached XP level 1. HP: 16/16 MP: 2/2
   111 | D:1      | Found Bysuj's Weapon Shop.
   176 | D:1      | Reached XP level 2. HP: 24/24 MP: 4/4
   240 | D:1      | Found a faded altar of an unknown god.
   305 | D:1      | Prayed at the altar of an unknown god.
   305 | D:1      | Became a worshipper of the Shining One
   305 | D:1      | Reached * piety under the Shining One
   681 | D:2      | Reached XP level 3. HP: 31/31 MP: 5/5
  1642 | D:3      | Reached XP level 4. HP: 40/40 MP: 6/6
  1662 | D:3      | Noticed Robin
  1669 | D:3      | Reached skill level 1 in Unarmed Combat
  1682 | D:3      | Killed Robin
  1683 | D:3      | Reached skill level 1 in Fighting
  1899 | D:3      | Noticed Ijyb
  1915 | D:3      | Killed Ijyb
  1937 | D:3      | Found a white marble altar of Elyvilon.
  1943 | D:3      | Found a shimmering blue altar of Sif Muna.
  1947 | D:3      | Found an opulent altar of Gozag.
  1954 | D:3      | Found an iron altar of Okawaru.
  1956 | D:3      | Found a shadowy altar of Dithmenos.
  2208 | D:4      | Found a staircase to the Ecumenical Temple.
  2258 | D:4      | Found a blossoming altar of Fedhas.
  2269 | D:4      | Noticed an oklob plant
  2374 | D:4      | Noticed a sky beast
  2381 | D:4      | Killed a sky beast
  2382 | D:4      | Reached XP level 5. HP: 33/50 MP: 7/7
  2460 | D:4      | Found a sparkling altar of Nemelex Xobeh.
  2529 | D:4      | Reached XP level 6. HP: 51/59 MP: 8/8
  2652 | D:4      | Found a glowing golden altar of the Shining One.
  2653 | D:4      | Reached ** piety under the Shining One
  3058 | D:5      | Entered Level 5 of the Dungeon
  3142 | D:5      | Noticed a water moccasin
  3153 | D:5      | Killed a water moccasin
  3167 | D:5      | Reached XP level 7. HP: 61/67 MP: 9/9
  3212 | D:5      | Identified the +4 pair of boots of the World {rElec rN+
                  | MP+9 Slay+3}
  3390 | D:5      | Reached skill level 5 in Unarmed Combat
  3543 | D:5      | Reached XP level 8. HP: 50/79 MP: 10/10
  3600 | D:5      | Reached skill level 5 in Fighting
  3750 | D:5      | Found a runed translucent gate.
  3750 | D:5      | Found a runed translucent gate.
  3750 | D:5      | Found a runed translucent gate.
  3755 | D:5      | Noticed tish's ghost (amateur GnDe)
  3997 | D:6      | Reached skill level 1 in Invocations
  4051 | D:6      | Found a transporter.
  4053 | D:6      | Noticed an ancient zyme
  4085 | D:6      | Noticed a white ugly thing
  4126 | D:6      | Found a transporter.
  4232 | D:6      | Found a burning altar of Makhleb.
  4527 | D:6      | Noticed P0WERM0DE's ghost (novice CoCK)
  4593 | D:7      | Reached *** piety under the Shining One
  4601 | D:7      | Reached XP level 9. HP: 79/88 MP: 11/11
  4622 | D:7      | Reached skill level 5 in Invocations
  4674 | D:7      | Found a hide-covered altar of Uskayaw.
  4952 | D:7      | Noticed Maurice
  4969 | D:7      | Maurice stole 17 poisoned darts
  4970 | D:7      | Maurice stole a +0 kite shield
  4972 | D:7      | Maurice stole 363 gold
  4985 | D:7      | Killed Maurice
  4986 | D:7      | Reached skill level 10 in Unarmed Combat
  5178 | D:7      | Found a runed translucent door.
  5180 | D:7      | Noticed Sokar's ghost (novice HuGl)
  5282 | D:7      | Noticed Joseph
  5295 | D:7      | Killed Joseph
  5296 | D:7      | Reached XP level 10. HP: 35/96 MP: 13/13
  6151 | D:8      | Found a staircase to the Lair.
  6238 | D:8      | Noticed a two-headed ogre
  6252 | D:8      | Killed a two-headed ogre
  6432 | D:9      | Identified the +7 short sword of Responsibility {heavy,
                  | rC+}
  6453 | D:9      | Reached skill level 5 in Throwing
  6819 | D:9      | Noticed a manticore
  6831 | D:9      | Killed a manticore
  6832 | D:9      | Reached XP level 11. HP: 48/102 MP: 16/16
  6967 | D:9      | Reached **** piety under the Shining One
  7052 | D:9      | Found a broken altar of Ashenzari.
  7153 | D:10     | Entered Level 10 of the Dungeon
  7281 | D:10     | Found a staircase to the Orcish Mines.
  7413 | D:10     | Found Vykizuoj's Antique Weapon Emporium.
  7965 | D:10     | Noticed a two-headed ogre
  7975 | D:10     | Killed a two-headed ogre
  8248 | D:11     | Found the +4 robe of Augmentation {Str+4 Int+4 Dex+4}
  8409 | D:11     | Reached skill level 10 in Invocations
  8538 | D:11     | Noticed an entropy weaver
  8544 | D:11     | HP: 5/102 [entropy weaver (shapeshifter) (10)]
  8544 | D:11     | The Shining One protects you from harm!
  8546 | D:11     | Killed an entropy weaver
  9033 | Lair:1   | Entered Level 1 of the Lair of Beasts
  9078 | Lair:1   | Reached skill level 1 in Shields
  9202 | Lair:1   | Reached skill level 10 in Throwing
  9202 | Lair:1   | Reached XP level 12. HP: 93/111 MP: 18/18
  9204 | Lair:1   | Reached ***** piety under the Shining One
  9581 | Lair:1   | Noticed Jeremiah
  9615 | Lair:1   | Killed Jeremiah
  9620 | Lair:1   | Noticed Fannar
  9840 | Lair:2   | Noticed a death yak
  9840 | Lair:2   | Noticed a death yak
  9841 | Lair:2   | Noticed a death yak
  9852 | Lair:2   | Noticed a death yak
  9858 | Lair:2   | Killed a death yak
  9884 | Lair:2   | Killed a death yak
  9885 | Lair:2   | Reached skill level 5 in Shields
  9890 | Lair:2   | Killed a death yak
  9898 | Lair:2   | Killed a death yak
 10298 | Lair:2   | Noticed a five-headed hydra
 10301 | Lair:2   | Killed a five-headed hydra
 10692 | Lair:2   | You fall into a shaft and drop 2 floors!
 10736 | Lair:4   | Noticed Snorg
 10754 | Lair:4   | Slain by Snorg

Illustrated notes

Levels and vault maps discovered:
D:1:      dpeg_arrival_arbitrary_c, layout_basic, serial_shops, shop,
          hellmonk_ecumenical_altar_blasted, glass_columns_a, interstate_on_off,
          minmay_splitting_lines
D:2:      layout_basic, nicolae_concentric_dashed_squares_wild
D:3:      layout_loops_ring, minmay_overflow_temple_star_hex,
          grunt_decor_arrowhead, uniq_robin, uniq_ijyb
D:4:      layout_rooms, tgw_fedhas, nicolae_overflow_crystal_walls,
          mainiacjoe_overflow_24_doors, minmay_temple_entry_hall, corexii_shack,
          serial_park_tiny_1, chequers_serial_rivers_large_b, minmay_small_thing
D:5:      layout_loops_ring, gammafunk_ghost_nasty_kobolds, dk_noncrumbling_3
D:6:      kennysheep_steamy, layout_basic, mainiacjoe_overflow_tiny_flanked,
          gammafunk_ghost_abyssal_escape, hangedman_decor_peaks_small
D:7:      layout_loops_ring, nicolae_uskayaw_murder_on_the_dancefloor,
          ebering_ghost_inner_flame, uniq_joseph, uniq_maurice
D:8:      layout_cave_pools, lair_entry_dummy, grunt_ministairs_11
D:9:      layout_roguey, mainiacjoe_overflow_brackets
D:10:     cheibrodos_elevator_heist, layout_cave_pods, david_orc_3,
          serial_shops, nicolae_stop_n_shop_2, water_boxes_lemuel
D:11:     layout_loops_ring
Lair:1:   layout_cellular_growth, patterned_corridor, uniq_jeremiah, uniq_fannar
Lair:2:   layout_regular_city
Lair:4:   layout_regular_city, nicolae_slime_entry_field_trip, uniq_snorg

Skill      XL: |  1  2  3  4  5  6  7  8  9 10 11 12 |
---------------+-------------------------------------+-----
Stealth        | 2 |  2.3
Unarmed Combat | 2 3 4 5 7 10 | 10.0
Fighting       | 2 3 4 5 |  5.0
Invocations    | 4 5 8 10 | 10.0
Throwing       | 2 6 10 | 10.0
Shields        | 1 9 |  9.6
Dodging        | |  1.5
Spellcasting   | |  2.0
Conjurations   | |  0.6
Summonings     | |  0.6
Translocations | |  0.6

Action                     |  1- 3 |  4- 6 |  7- 9 | 10-12 || total
---------------------------+-------+-------+-------+-------++-------
  Melee: Unarmed           |   128 |    86 |   213 |   549 ||   976
         Punch             |       |     2 |    11 |    48 ||    61
  Throw: Dart              |       |       |       |     6 ||     6
         Large rock        |       |       |       |    12 ||    12
  Evoke: Wand              |       |       |       |     1 ||     1
    Use: Scroll            |       |       |    11 |     4 ||    15
         Potion            |       |       |       |     2 ||     2
   Stab: Sleeping          |     3 |       |       |       ||     3
 Armour: Robe              |    89 |    46 |    96 |   342 ||   573
         Steam dragon scal |       |       |    70 |    65 ||   135
         Acid dragon scale |       |       |       |    82 ||    82
  Dodge: Dodged            |    56 |    30 |   103 |   205 ||   394

Table legend: (Time is in decaauts)
 A = Elapsed time spent in this place.
 B = Non-inter-level travel time spent in this place.
 C = Inter-level travel time spent in this place.
 D = Time resting spent in this place.
 E = Time spent auto-exploring this place.
 F = Levels seen in this place.
 G = Mean time per level.
                   A        B        C        D        E       F      G
               +--------+--------+--------+--------+--------+-----+--------+
         Total |  10617 |  10228 |    389 |    406 |   7450 |  14 |  758.4 |
       Dungeon |   8941 |   8553 |    388 |    282 |   6489 |  11 |  812.8 |
          Lair |   1676 |   1676 |      0 |    124 |    961 |   3 |  558.7 |
               +--------+--------+--------+--------+--------+-----+--------+

Top non-repeatable levels by time:
     D:7: 1183 daAuts
    D:10: 1056 daAuts
  Lair:2: 934 daAuts
     D:5: 907 daAuts
     D:4: 900 daAuts
    D:11: 778 daAuts
     D:2: 773 daAuts
     D:9: 705 daAuts
     D:3: 705 daAuts
  Lair:1: 684 daAuts
     D:1: 674 daAuts
     D:8: 657 daAuts
     D:6: 598 daAuts
  Lair:4: 57 daAuts
